 Dungeon Crawl Stone Soup version 0.27.1-35-g4d5d836560 (webtiles) character file.

Game seed: 13760364327097708855

58 Lorrdernie the Caller (level 3, -5/14 HPs)
             Began as a Felid Summoner on Dec 26, 2022.
             Killed by divine providence
             ... invoked by an orc priest
              (11 damage)
             ... on level 3 of the Dungeon.
             The game lasted 00:04:08 (2214 turns).

Lorrdernie the Caller (Felid Summoner)              Turns: 2214, Time: 00:04:08

Health: -5/14      AC:  1    Str: 10    XL:     3   Next: 76%
Magic:  1/7        EV: 17    Int: 17    God:
Gold:   116        SH:  0    Dex: 16    Spells: 0/6 levels left
                                        Lives:  0   Deaths: 0

rFire    . . .     SeeInvis +   (weapon unavailable)
rCold    . . .     Faith    .   (shield unavailable)
rNeg     . . .     Spirit   .   (armour unavailable)
rPois    .         Reflect  .   (helmet unavailable)
rElec    .         Harm     .   (cloak unavailable)
rCorr    .         Rampage  .   (gloves unavailable)
Will     .....                  (boots unavailable)
Stlth    ++........             (no amulet)
HPRegen  0.04/turn              e - +6 ring of strength
MPRegen  0.10/turn              (no ring)

@: quick
A: very small, claws 1, fangs 3, see invisible, speed 1, shaggy fur 1, stealthy
paws, no weapons or thrown items, no armour, multi-lived
a: no special abilities


You were on level 3 of the Dungeon.
You visited 1 branch of the dungeon, and saw 3 of its levels.

You collected 116 gold pieces.

Inventory:

Jewellery
 d - a ring of ice
 e - a +6 ring of strength (left paw)
Wands
 g - a wand of digging (4)
Scrolls
 a - a scroll of identify {unknown}
 f - 3 scrolls of fear {unknown}
 h - a scroll of blinking {unknown}
 i - a scroll of summoning {unknown}
Potions
 b - a potion of curing {unknown}
 c - 3 potions of heal wounds {unknown}


   Skills:
 - Level 2.6 Dodging
 - Level 2.6 Stealth
 - Level 2.0 Spellcasting
 * Level 5.5 Summonings


You couldn't memorise any spells.
You knew the following spells:

 Your Spells              Type           Power      Damage    Failure   Level
a - Summon Small Mammal   Summ           80%        N/A       1%          1
b - Call Imp              Summ           20%        N/A       3%          2
c - Call Canine Familiar  Summ           20%        N/A       6%          3

Your spell library contained the following spells:

 Spells                   Type           Power      Damage    Failure   Level
 Summon Guardian Golem    Hex/Summ       11%        N/A       19%         3
 Summon Lightning Spire   Summ/Air       11%        N/A       52%         4


Dungeon Overview and Level Annotations

Branches:
Dungeon (3/15)

Altars:


Innate Abilities, Weirdness & Mutations

You have sharp claws.
You have razor-sharp teeth.
You have supernaturally acute eyesight. (SInv)
You cover ground quickly. (Speed+)
You are covered in fur. (AC +1)
Your paws help you pounce on unaware monsters.
You are incapable of wielding weapons or throwing items.
You cannot wear armour.
You gain extra lives every three experience levels.


Message History

The orc priest hits your hound with a +0 hand axe.
An orc priest comes into view. It is wielding a +0 dagger.
Your hound bites the orc priest.
The orc priest hits your hound with a +0 hand axe.
Your hound misses the orc priest.
Unknown command.
Your crimson imp blinks!
Your hound bites the orc priest.
An orc comes into view. It is wielding a +0 short sword.
The orc priest completely misses your hound.
Unknown command.
Your hound barely misses the orc priest.
The orc closely misses your white imp.
The orc priest barely misses your hound.
Your hound barely misses the orc priest.
Unknown command.
Your hound bites the orc priest.
The orc priest hits your hound with a +0 hand axe.
Unknown command.
Casting: Call Imp (safe; 3% risk of failure)
Confirm with . or Enter, or press ? or * to list all spells.
A beastly little devil appears in a puff of frigid air.
Your hound bites the orc priest.
The orc priest dies!
The orc hits you with a +0 flail!
Ouch! That really hurt!
You swap places.
Something hits your crimson imp but does no damage.
The orc misses you.
The orc priest miscasts a cantrip.
Your white imp hits the orc.
Your white imp freezes the orc.
The orc dies!
Your hound bites the orc priest.
Your white imp barely misses the orc priest.
The orc completely misses you.
There is a stone staircase leading down here.
The orc priest calls down the wrath of Beogh upon you.
Beogh smites you!
Ouch! That really hurt!
You die...

#........ #....... #..)...
#######..... ..........o
.......5h. .......o5####
.......)o...##.# .
........5.>@....#..
####....#####.###.....
#.......<.###.####....
#................>....
###....(.........(......
.#.............#.#...#. ..
.............#...##..# ...
..#............####..# ....
..#..####........##..##...#


You could see an orc priest (ally target), an orc, a friendly hound (summoned),
a friendly crimson imp (summoned) and 2 friendly white imps.

Vanquished Creatures
  A jackal (D:1)
  A ball python (D:2)
  4 bats
6 creatures vanquished.

Vanquished Creatures (collateral kills)
  An orc priest (D:3)
  3 adders
  2 dart slugs
  2 orcs (D:3)
  2 bats (D:1)
  3 endoplasms
  2 goblins
  5 hobgoblins
  2 jackals (D:1)
  5 kobolds
  A quokka (D:2)
  3 ball pythons
  4 rats
35 creatures vanquished.

Grand Total: 41 creatures vanquished

Notes
Turn   | Place    | Note
-------+----------+-------------------------------------------
     0 | D:1      | Lorrdernie the Felid Summoner began the quest for the Orb.
     0 | D:1      | Reached XP level 1. HP: 7/7 MP: 4/4
   473 | D:1      | Reached XP level 2. HP: 11/11 MP: 3/6
   481 | D:1      | Learned a level 2 spell: Call Imp
  1416 | D:2      | Reached skill level 5 in Summonings
  1416 | D:2      | Reached XP level 3. HP: 14/14 MP: 5/7
  1420 | D:2      | Learned a level 3 spell: Call Canine Familiar
  1825 | D:2      | Found a faded altar of an unknown god.
  2214 | D:3      | Killed from afar by an orc priest

Illustrated notes

Levels and vault maps discovered:
D:1:      roderic_chinese_lattice_arrival, layout_rooms, kennysheep_boxes
D:2:      layout_basic, hellmonk_ecumenical_altar_zigzags
D:3:      layout_rooms, mainiacjoe_overflow_catwalk_spiral, serial_shops,
          shop_coins, bh_walls_and_bars

Skill      XL: |  1  2 |
---------------+-------+-----
Summonings     | 5 |  5.5
Dodging        | |  2.6
Stealth        | |  2.6
Spellcasting   | |  2.0

Action                   || total
-------------------------++-------
Melee: Unarmed           ||    24
       Bite              ||     2
 Cast: Summon Small Mamm ||    22
       Call Imp          ||    30
       Call Canine Famil ||     1
 Stab: Sleeping          ||     1
Armor: Skin              ||     5
Dodge: Dodged            ||    43
